AoeStats
← xlalox corona

Nomad

503335235Analyzed
1v1 RM · 1mo ago on Aug 31, 2026· 38m 13s· 2 players
Game mode
Random Map
Map size
126×126
Population
200
Speed
Normal
Resources
Standard
Victory
Conquest
Starting age
Dark Age
Ending age
Imperial Age
RankedLock teamsTeams togetherTeam positionsShared explorationLock speedFull tech treeHidden civsTurbo modeCheats
Victory
Defeat
🇨🇳 Jurchens · China
1688
+15
🇲🇽 Burmese · Mexico
1676
-15
xlalox corona
7:49 Loom
13:44 Feudal Age
17:40 Wheelbarrow
21:30 Castle Age
脱脱迷失
2:49 Loom
13:54 Feudal Age
20:00 Castle Age
19:11 Fletching
19:13 Gold Mining
20:25 Double-Bit Axe
21:06 Bodkin Arrow
21:59 Crossbowman
33:06 Bow Saw
35:03 Scale Barding Armor
34:58 Fishing Lines
35:39 Forging
35:15 Horse Collar
37:35 Wheelbarrow
38:22 Chain Barding Armor
Connection lost

Rejoining the realm…

Still unreachable

The connection could not be restored.

Session expired

The server has moved on; the page needs a fresh start.